 Dungeon Crawl Stone Soup version 0.29.1-1-gd02db6906a (webtiles) character file.

Game seed: 15465417447907229815

670 Demigod47 the Covered (level 7, 0/61 HPs)
             Began as a Minotaur Fighter on Oct 6, 2022.
             Was a Believer of Makhleb.
             Slain by Aibolit's ghost (4 damage)
             ... on level 5 of the Dungeon.
             The game lasted 00:14:24 (4911 turns).

Demigod47 the Covered (Minotaur Fighter)            Turns: 4911, Time: 00:14:24

Health: 0/61       AC: 10    Str: 23    XL:     7   Next: 32%
Magic:  6/6        EV: 10    Int:  9    God:    Makhleb [**....]
Gold:   277        SH:  0    Dex:  9    Spells: 6/6 levels left

rFire   + . .      SeeInvis .   y - +7 mace "Zuymory" {pain, *Corrode rF+ Int+4}
rCold   . . .      Faith    .   (no shield)
rNeg    . . .      Spirit   .   b - +0 scale mail
rPois   .          Reflect  .   (helmet restricted)
rElec   .          Harm     .   h - +0 cloak
rCorr   +          Rampage  .   (no gloves)
Will    .....                   e - +0 pair of boots
Stlth   ..........              (no amulet)
HPRegen 0.20/turn               s - ring of resist corrosion
MPRegen 0.10/turn               (no ring)

@: flying
A: horns 2, retaliatory headbutt
a: Renounce Religion, Minor Destruction


You were on level 5 of the Dungeon.
You worshipped Makhleb.
Makhleb was pleased with you.
You visited 1 branch of the dungeon, and saw 5 of its levels.

You collected 277 gold pieces.

Inventory:

Hand Weapons
 a - a +0 flail
 d - a +3 quarterstaff of chaos
 y - the +7 mace "Zuymory" (weapon) {pain, *Corrode rF+ Int+4}
   (You found it on level 5 of the Dungeon)

   In the hands of one skilled in necromantic magic, it inflicts extra damage on
   living creatures.
   Int:       It affects your intelligence (+4).
   rF:        It protects you from fire.
   *Corrode:  It may corrode you when you take damage.
Missiles
 f - 54 stones (quivered)
 i - 2 boomerangs
 k - 5 curare-tipped darts
 x - 4 poisoned darts
Armour
 b - a +0 scale mail (worn)
 c - a +0 buckler
 e - a +0 pair of boots (worn)
 h - a +0 cloak (worn)
Jewellery
 s - a ring of resist corrosion (left hand)
Wands
 j - a wand of iceblast (6)
Scrolls
 g - a scroll of teleportation
 m - a scroll of poison
 n - a scroll of amnesia
 o - a scroll of vulnerability
 p - 2 scrolls of fear
 r - 2 scrolls of immolation
 t - 2 scrolls of butterflies {unknown}
 u - a scroll of blinking {unknown}
Potions
 q - a potion of heal wounds
 w - a potion of might


   Skills:
 + Level 5.1 Fighting
 + Level 5.3(5.8) Maces & Flails
 + Level 3.2(4.7) Staves
 + Level 6.1 Armour
 + Level 2.0 Dodging
 + Level 1.5 Stealth
 + Level 4.2 Shields


You had 6 spell levels left.
You didn't know any spells.
Your spell library contained the following spells:

 Spells                   Type           Power      Damage    Failure   Level
 Apportation              Tloc           0%         N/A       67%         1
 Necrotise                Necr           0%         1d4       67%         1
 Sting                    Tmut/Pois      0%         1d3       67%         1
 Summon Small Mammal      Summ           0%         N/A       67%         1
 Poisonous Vapours        Pois/Air       0%         N/A       82%         2
 Olgreb's Toxic Radiance  Pois           0%         N/A       100%        4
 Petrify                  Tmut/Erth      0%         N/A       100%        4
 Metabolic Englaciation   Hex/Ice        0%         N/A       100%        5
 Statue Form              Tmut/Erth      0%         N/A       100%        6


Dungeon Overview and Level Annotations

Branches:
Dungeon (5/15)
 Temple: D:4-7

Altars:
Dithmenos
Gozag
Hepliaklqana
Makhleb
Okawaru
Zin

Shops:
D:1 *   D:5 !

Annotations:
D:5 Aibolit's ghost, novice HuNe


Innate Abilities, Weirdness & Mutations

You have a pair of horns on your head.
You reflexively headbutt those who attack you in melee.


Message History

The kobold shouts!
The kobold brigand shouts!
The kobold shouts!
Could not explore, unopened runed door.
Could not explore, unopened runed door.
As you read the scroll of identify, it crumbles to dust.
m - a scroll of poison
Okay, then.
It was a potion of flight.
You feel very buoyant.
You fly up into the air.
The kobold shouts!
Aibolit's ghost says, "Life is a curse, you will soon understand."
You reach down and open the gate.
The kobold attacks as you move away! The kobold barely misses you.
Aibolit's ghost hits you.
You writhe in agony.
The kobold attacks as you move away! The kobold barely misses you.
Aibolit's ghost attacks as you move away!
Aibolit's ghost hits you but does no damage.
You writhe in agony.
The kobold attacks as you move away!
The kobold hits you with a +2 whip of distortion.
Space warps horribly around you! The kobold attacks as you move away!
The kobold barely misses you. You furiously retaliate!
You headbutt the kobold, but do no damage.
The kobold hits you but does no damage. Space warps around you.
Aibolit's ghost barely misses you.
You barely miss the kobold.
You headbutt the kobold, but do no damage.
The kobold hits you but does no damage. Space warps horribly around you!
* * * LOW HITPOINT WARNING * * *
The kobold attacks as you move away! The kobold hits you but does no damage.
Space warps around you!
* * * LOW HITPOINT WARNING * * *
The kobold barely misses you. You furiously retaliate!
You headbutt the kobold!
You kill the kobold!
Makhleb accepts your kill.
You feel better.
You see here a +0 whip.
Aibolit's ghost hits you.
You die...

#[.###..########..#
#####.##..##
##....# #........##
#..##.# #........#
#.###.. #..).....#
##.# #.> #.>......#
#..# ##. #........#
#.## ## #........#
#.# # #...<@...#
#.# # #.....W..#
##.# # ######K.##
#..# # ##.KK.K..#
#.## # ##...K#####
###.# #
#..KK##~⌠~####...#
#
#....#KK...##..###
#....K.###..####
#....K.....?#


You could see Aibolit's ghost and a kobold.

Vanquished Creatures
  A bullfrog (D:4)
  A necrophage (D:5)
  2 scorpions (D:5)
  2 hounds (D:5)
  A jelly (D:5)
  An orc priest (D:4)
  Crazy Yiuf (D:3)
  3 iguanas (D:5)
  4 gnolls (D:4)
  6 adders
  A shadow imp (D:5)
  A white imp (D:5)
  3 worms
  2 dart slugs (D:1)
  9 orcs
  6 ball pythons
  An endoplasm (D:4)
  4 giant cockroaches
  5 goblins
  7 hobgoblins
  2 jackals (D:2)
  2 quokkas (D:4)
  A bat (D:2)
  A frilled lizard (D:2)
  15 kobolds
  7 rats
  A spectral kobold (D:5)
90 creatures vanquished.

Vanquished Creatures (others)
  3 fungi (D:5)
  3 plants
  4 withered plants (D:1)
10 creatures vanquished.

Grand Total: 100 creatures vanquished

Notes
Turn   | Place    | Note
-------+----------+-------------------------------------------
     0 | D:1      | Demigod47 the Minotaur Fighter began the quest for the Orb.
     0 | D:1      | Reached XP level 1. HP: 19/19 MP: 0/0
   161 | D:1      | Reached XP level 2. HP: 27/27 MP: 1/1
   262 | D:1      | Found a faded altar of an unknown god.
   330 | D:1      | Prayed at the altar of an unknown god.
   330 | D:1      | Became a worshipper of Makhleb the Destroyer
   330 | D:1      | Reached * piety under Makhleb
   618 | D:1      | Found Uteole's Assorted Antiques.
  1150 | D:2      | Reached skill level 4 in Armour
  1150 | D:2      | Reached XP level 3. HP: 22/33 MP: 2/2
  1846 | D:2      | Reached XP level 4. HP: 33/40 MP: 3/3
  2294 | D:3      | Found an iron altar of Okawaru.
  2438 | D:3      | Found an opulent altar of Gozag.
  2813 | D:3      | Found a runed translucent door.
  2814 | D:3      | Noticed Crazy Yiuf
  2950 | D:3      | Killed Crazy Yiuf
  3062 | D:4      | Reached ** piety under Makhleb
  3229 | D:4      | Noticed a bullfrog
  3240 | D:4      | Killed a bullfrog
  3241 | D:4      | Reached skill level 1 in Dodging
  3241 | D:4      | Reached XP level 5. HP: 33/47 MP: 4/4
  3386 | D:4      | Reached skill level 5 in Maces & Flails
  3513 | D:4      | Reached skill level 1 in Staves
  3513 | D:4      | Reached XP level 6. HP: 30/53 MP: 5/5
  3809 | D:4      | Found a burning altar of Makhleb.
  4015 | D:4      | Found a shadowy altar of Dithmenos.
  4016 | D:4      | Found a glowing silver altar of Zin.
  4140 | D:5      | Entered Level 5 of the Dungeon
  4288 | D:5      | Reached skill level 5 in Armour
  4288 | D:5      | Found Nistoe's Distillery.
  4381 | D:5      | Reached skill level 1 in Stealth
  4387 | D:5      | Reached skill level 5 in Fighting
  4387 | D:5      | Reached XP level 7. HP: 61/61 MP: 6/6
  4430 | D:5      | Found a hazy altar of Hepliaklqana.
  4557 | D:5      | Reached skill level 6 in Armour
  4738 | D:5      | Identified the +7 mace "Zuymory" {pain, *Corrode rF+ Int+4}
  4768 | D:5      | Found a runed translucent gate.
  4768 | D:5      | Found a runed translucent gate.
  4768 | D:5      | Found a runed translucent gate.
  4770 | D:5      | Noticed Aibolit's ghost (novice HuNe)
  4907 | D:5      | HP: 2/61 [kobold/+2 whip of distortion (7)]
  4911 | D:5      | Slain by Aibolit's ghost

Illustrated notes

Levels and vault maps discovered:
D:1:      wheals_arrival_shading, layout_basic, serial_shops,
          nicolae_lakefront_shop, shapermc_ecumenical_altar_flowoftime
D:2:      layout_loops_cross
D:3:      layout_loops_ring, mainiacjoe_overflow_concentric_impassable,
          mainiacjoe_overflow_alcove_4, uniq_crazy_yiuf_cottage
D:4:      layout_basic, mainiacjoe_overflow_six_doors_small, minitemple,
          hangedman_decor_lopped, kennysheep_generic_room_9
D:5:      layout_rooms, nicolae_hepliaklqana_monster_ancestors,
          gammafunk_ghost_nasty_kobolds, serial_shops, shop

Skill      XL: |  1  2  3  4  5  6  7 |
---------------+----------------------+-----
Fighting       | 4 5 |  5.1
Maces & Flails | 3 4 5 |  5.3
Armour         | 4 5 6 |  6.1
Shields        | 4 |  4.2
Dodging        | 1 2 |  2.0
Staves         | 1 2 3 |  3.2
Stealth        | 1 |  1.5

Action                   |  1- 3 |  4- 6 |  7- 9 || total
-------------------------+-------+-------+-------++-------
Melee: Flail             |   111 |    25 |       ||   136
       Headbutt          |    16 |    16 |     3 ||    35
       Quarterstaff      |       |    80 |    18 ||    98
       Mace              |       |       |     1 ||     1
  Use: Scroll            |       |     6 |     1 ||     7
       Potion            |       |     4 |     1 ||     5
Armor: Scale mail        |    52 |    54 |    15 ||   121
Dodge: Dodged            |    56 |    80 |    15 ||   151
Block: Buckler           |    30 |     2 |       ||    32
